 Dungeon Crawl Stone Soup version 0.29.1-4-g47bece8355 (webtiles) character file.

Game seed: 10968981798224906669

57009 nimms the Brawler (level 14, -7/118 HPs)
             Began as a Minotaur Berserker on Dec 10, 2022.
             Was a Believer of Trog.
             Mangled by Mara (illusionary)
             ... wielding a +2 demon trident of freezing
              (14 damage)
             ... on level 3 of the Snake Pit on Dec 11, 2022.
             The game lasted 01:56:51 (20671 turns).

nimms the Brawler (Minotaur Berserker)             Turns: 20671, Time: 01:56:52

Health: -7/118     AC: 34    Str: 26    XL:     14   Next: 44%
Magic:  4/13       EV: 10    Int:  8    God:    Trog [**....]
Gold:   128        SH:  0    Dex: 17    Spells: 13/13 levels left

rFire   . . .      SeeInvis .     - Unarmed
rCold   . . .      Faith    +   (no shield)
rNeg    . . .      Spirit   .   l - +0 plate armour
rPois   +          Reflect  .   (helmet restricted)
rElec   .          Harm     .   M - +3 cloak of Guyprazu {rPois Int+4}
rCorr   .          Rampage  .   r - +2 pair of gloves {infuse}
Will    +....                   j - +2 pair of boots
Stlth   ..........              J - amulet of faith
HPRegen 0.29/turn               n - +6 ring of dexterity
MPRegen 0.13/turn               G - +4 ring of protection

@: lethally poisoned (-7 -> -11), on berserk cooldown, slowed, very slow
A: horns 2, retaliatory headbutt
a: Renounce Religion, Berserk, Trog's Hand


You were on level 3 of the Snake Pit.
You worshipped Trog.
Trog was pleased with you.
You visited 3 branches of the dungeon, and saw 16 of its levels.
You also visited: Ice Cave.

You collected 1062 gold pieces.
You spent 934 gold pieces at shops.

Inventory:

Missiles
 k - 2 javelins (quivered)
 F - 35 stones
Armour
 j - a +2 pair of boots (worn)
 l - a +0 plate armour (worn)
 r - a +2 pair of gloves of infusion (worn)
 M - the +3 cloak of Guyprazu (worn) {rPois Int+4}
   (You acquired it on level 1 of the Snake Pit)

   Int:       It affects your intelligence (+4).
   rPois:     It protects you from poison.
Jewellery
 b - a ring of protection from fire
 d - a ring of positive energy
 m - a ring of flight
 n - a +6 ring of dexterity (left hand)
 A - a ring of resist corrosion
 B - a ring of fire
 D - a +6 ring of dexterity
 G - a +4 ring of protection (right hand)
 J - an amulet of faith (around neck)
Wands
 p - a wand of iceblast (24)
 s - a wand of digging (8)
Scrolls
 e - 3 scrolls of blinking
 h - a scroll of poison
 x - 3 scrolls of identify
 E - 2 scrolls of brand weapon
Potions
 c - 7 potions of curing
 f - 2 potions of brilliance {unknown}
 g - 3 potions of might
 i - 4 potions of lignification
 o - a potion of attraction
 q - a potion of cancellation
 t - a potion of flight {unknown}
 u - 3 potions of haste
 w - 2 potions of berserk rage
 z - a potion of mutation {unknown}
 C - 2 potions of invisibility
 L - a potion of magic {unknown}
Miscellaneous
 K - a piece from Xom's chessboard (15/15)


   Skills:
 + Level 9.6 Fighting
 + Level 1.0 Throwing
 + Level 17.6 Armour
 + Level 5.0 Dodging
 + Level 2.5 Stealth
 + Level 20.4 Unarmed Combat


You had 13 spell levels left.
You didn't know any spells.
Your spell library was empty.

Dungeon Overview and Level Annotations

Branches:
Dungeon (11/15)            Temple (0/1) D:7            Lair (2/5) D:11
 Shoals (0/4) Lair:2        Snake (3/4) Lair:2        IceCv (visited)
    Orc: D:9-12

Altars:
Ashenzari
Cheibriados
Gozag
Hepliaklqana
Makhleb
Nemelex Xobeh
Okawaru
Qazlal
Ru
Sif Muna
Trog
Uskayaw
Vehumet
Wu Jian
Xom
Yredelemnul
Zin

Shops:
D:7 [   D:9 (   Snake:1 =*(   Snake:2 ?

Annotations:
Snake:2 1 transporter
Snake:3 Mara


Innate Abilities, Weirdness & Mutations

You have a pair of horns on your head.
You reflexively headbutt those who attack you in melee.


Message History

You are more poisoned.
You partially resist.
* * * LOW HITPOINT WARNING * * *
Blink to where?
Press: ? - help, Dir - move target
Okay, then.
Mara attacks as you move away!
Mara hits you with a +2 demon trident of freezing.
* * * LOW HITPOINT WARNING * * *
Mara freezes you.
* * * LOW HITPOINT WARNING * * *
You feel very sick.
The naga sharpshooter shoots a bolt.
The bolt hits you.
* * * LOW HITPOINT WARNING * * *
Mara blinks!
Mara hits you with a +2 demon trident of freezing.
* * * LOW HITPOINT WARNING * * *
Mara freezes you.
* * * LOW HITPOINT WARNING * * *
The naga sharpshooter spits poison at you.
The splash of poison hits you but does no damage.
You resist.
Unknown command.
You feel much better.
You feel very sick. Mara gestures at you. The bolt of fire hits you!
* * * LOW HITPOINT WARNING * * *
Mara blinks!
The nagaraja spits poison at you.
The splash of poison hits you but does no damage.
You resist. Mara closely misses you. You furiously retaliate!
You headbutt Mara, but do no damage.
As you read the scroll labelled UBRIXA ZESCH, it crumbles to dust.
It is a scroll of enchant weapon.
You aren't carrying any weapons that can be enchanted.
You feel very sick.
Nimms's illusion hits you but does no damage.
Mara hits you from afar with a +2 demon trident of freezing!
You die...

..##.....<###..#†....#.....
........###)).....# ...
...........)#)....#....#
..........).#....##... #
.........)..######....
......................
.....................#
.............@RN.....#
.............@.R......
......................
.........R§...........
N...........?.........
.....................
.....###.........N... ...#
##............ ..
#............ .............


You could see 3 Maras, a nagaraja (catching breath), a naga sharpshooter and
nimms's illusion (very poisoned, slow).

Vanquished Creatures
  Bai Suzhen (Snake:3)
  2 nagarajas (Snake:2)
  The ghost of Sambug2000 the Severer, a journeyman HOFi of the Shining One (Snake:1)
  Josephine (D:11)
  4 hydras
  2 two-headed ogres
  6 naga warriors
  An anaconda (Snake:2)
  A dancing weapon (Snake:1)
  2 death yaks (Lair:2)
  Urug (D:11)
  6 naga sharpshooters (Snake:2)
  5 shock serpents
  The ghost of lambentLogic the Unseen, a journeyman KoEn of Hepliaklqana (D:9)
  A salamander mystic (Snake:2)
  3 sea snakes (Snake:3)
  A wizard (D:11)
  4 mana vipers
  An ugly thing (D:11)
  7 salamanders
  18 black mambas
  4 naga magi
  2 cane toads (Lair:2)
  A torpor snail (Lair:2)
  A guardian serpent (Snake:3)
  A kobold demonologist (D:9)
  3 freezing wraiths (Snake:3)
  4 komodo dragons
  2 unseen horrors
  A rime drake (Snake:3)
  A polar bear (Snake:3)
  A troll (D:8)
  Prince Ribbit (D:8)
  Grinder (D:5)
  A hornet (D:11)
  32 yaks
  A vampire (D:9)
  2 wyverns (D:9)
  7 wraiths
  An unseen horror simulacrum (D:9)
  2 basilisks
  4 vampire mosquitoes (D:11)
  Menkaure (D:6)
  Edmund (D:5)
  27 nagas
  4 water moccasins
  3 black bears
  An orc warrior (D:11)
  A sky beast (D:7)
  An ogre (D:6)
  4 ice beasts
  5 centaurs
  4 wolves (Lair:1)
  3 phantoms
  4 kobold brigands
  A gnoll sergeant (D:7)
  3 scorpions
  3 bullfrogs
  A necrophage (D:6)
  10 wights (D:8)
  17 killer bees
  A vampire bat (Lair:2)
  4 electric eels
  10 howler monkeys
  2 gnoll boudas
  7 hounds
  2 orc priests
  A jelly (D:6)
  5 orc wizards
  6 adders
  22 gnolls
  4 white imps
  A howler monkey simulacrum (D:9)
  2 dart slugs
  20 orcs
  7 endoplasms
  4 giant cockroaches
  4 goblins
  5 hobgoblins
  3 jackals (D:1)
  19 kobolds
  A quokka (D:2)
  2 ball pythons (D:3)
  12 bats
  A frilled lizard (D:1)
  5 rats
386 creatures vanquished.

Vanquished Creatures (others)
  2 fungi (Lair:2)
  14 plants
16 creatures vanquished.

Grand Total: 402 creatures vanquished

Notes
Turn   | Place    | Note
-------+----------+-------------------------------------------
     0 | D:1      | nimms the Minotaur Berserker began the quest for the Orb.
     0 | D:1      | Reached XP level 1. HP: 19/19 MP: 0/0
   123 | D:1      | Reached XP level 2. HP: 24/27 MP: 1/1
   627 | D:1      | Reached skill level 4 in Unarmed Combat
   629 | D:1      | Found a faded altar of an unknown god.
   729 | D:2      | Reached ** piety under Trog
   796 | D:2      | Reached XP level 3. HP: 33/33 MP: 2/2
  1416 | D:3      | Noticed a phantom
  1427 | D:3      | Killed a phantom
  1428 | D:3      | Reached skill level 5 in Unarmed Combat
  1428 | D:3      | Reached XP level 4. HP: 41/41 MP: 3/3
  1665 | D:3      | Found a basalt altar of Yredelemnul.
  1975 | D:4      | Noticed a scorpion
  1997 | D:4      | Killed a scorpion
  1998 | D:4      | Reached XP level 5. HP: 4/47 MP: 4/4
  2000 | D:4      | Found an ornate altar of the Wu Jian Council.
  2004 | D:4      | HP: 2/47 [poisoned by a scorpion]
  2344 | D:4      | Noticed a centaur
  2355 | D:4      | Killed a centaur
  2356 | D:4      | Reached skill level 1 in Stealth
  2356 | D:4      | Reached skill level 6 in Unarmed Combat
  2356 | D:4      | Reached XP level 6. HP: 38/53 MP: 5/5
  2857 | D:4      | Found a broken altar of Ashenzari.
  3656 | D:5      | Entered Level 5 of the Dungeon
  3845 | D:5      | Reached XP level 7. HP: 51/60 MP: 6/6
  3900 | D:5      | Reached skill level 5 in Armour
  3900 | D:5      | Reached skill level 7 in Unarmed Combat
  3947 | D:5      | Noticed Edmund
  3951 | D:5      | Killed Edmund
  4060 | D:5      | Noticed Grinder
  4071 | D:5      | Killed Grinder
  4072 | D:5      | Reached skill level 5 in Fighting
  4072 | D:5      | Reached skill level 8 in Unarmed Combat
  4072 | D:5      | Reached XP level 8. HP: 68/68 MP: 7/7
  4084 | D:5      | Found a radiant altar of Vehumet.
  4331 | D:6      | Noticed Menkaure
  4340 | D:6      | HP: 3/68 [Menkaure (8)]
  4342 | D:6      | Killed Menkaure
  4741 | D:6      | Reached skill level 9 in Unarmed Combat
  5245 | D:7      | Found a staircase to the Ecumenical Temple.
  5254 | D:7      | Reached XP level 9. HP: 75/75 MP: 8/8
  5293 | D:7      | Reached skill level 10 in Unarmed Combat
  5955 | D:7      | Found Socvup's Armour Shoppe.
  5993 | D:7      | Identified the +1 scale mail of the Endless Expanse {rC+
                  | Dex+2}
  6110 | D:7      | Found an opulent altar of Gozag.
  6313 | D:8      | Reached skill level 11 in Unarmed Combat
  6315 | D:8      | Reached skill level 10 in Armour
  6331 | D:8      | HP: 1/75 [yak (4)]
  6549 | D:7      | Bought a +2 pair of gloves of infusion for 258 gold pieces
  6717 | D:8      | Reached XP level 10. HP: 83/83 MP: 4/9
  6833 | D:8      | Noticed Prince Ribbit
  6848 | D:8      | Found a bloodstained altar of Trog.
  6853 | D:8      | Reached skill level 12 in Unarmed Combat
  6853 | D:8      | Killed Prince Ribbit
  6899 | D:8      | Found an iron altar of Okawaru.
  6901 | D:8      | Found a hazy altar of Hepliaklqana.
  6901 | D:8      | Found a sacrificial altar of Ru.
  6904 | D:8      | Found a hide-covered altar of Uskayaw.
  6905 | D:8      | Found a stormy altar of Qazlal.
  6955 | D:8      | Noticed a two-headed ogre
  6965 | D:8      | Killed a two-headed ogre
  7006 | D:8      | Identified the +5 kite shield of Pobbya {rF+++ rC- Regen+
                  | Int+4}
  7076 | D:8      | Found a burning altar of Makhleb.
  7076 | D:8      | Found a snail-covered altar of Cheibriados.
  7404 | D:9      | Reached skill level 13 in Unarmed Combat
  7424 | D:9      | Found a runed translucent gate.
  7425 | D:9      | Found a runed translucent gate.
  7427 | D:9      | Found a runed translucent gate.
  7567 | D:9      | Found a sparkling altar of Nemelex Xobeh.
  7659 | D:9      | Noticed lambentLogic's ghost (journeyman KoEn)
  7678 | D:9      | Killed lambentLogic's ghost
  7983 | D:9      | Reached XP level 11. HP: 72/91 MP: 8/10
  8167 | D:9      | Found Ommeraa's Antique Weapon Shop.
  8371 | D:10     | Entered Level 10 of the Dungeon
  8484 | D:10     | Reached skill level 14 in Unarmed Combat
  9185 | D:10     | Noticed an eight-headed hydra
  9191 | D:10     | Killed an eight-headed hydra
  9471 | D:10     | Found a glowing silver altar of Zin.
  9471 | D:10     | Noticed an angel
  9573 | D:10     | Noticed a two-headed ogre
  9577 | D:10     | Killed a two-headed ogre
 10929 | D:11     | Noticed a four-headed hydra
 10937 | D:11     | Killed a four-headed hydra
 11073 | D:11     | Noticed a wizard
 11077 | D:11     | Killed a wizard
 11170 | D:11     | Found a staircase to the Lair.
 11224 | D:11     | Reached skill level 15 in Unarmed Combat
 11229 | D:11     | Identified the +1 ring mail "Ery Ath" {rF+ Int-4 Dex+5
                  | Stlth+}
 11243 | D:11     | Noticed Urug
 11265 | D:11     | Killed Urug
 11459 | D:11     | Noticed a red ugly thing
 11465 | D:11     | Killed a red ugly thing
 11517 | D:11     | Reached XP level 12. HP: 100/100 MP: 9/11
 11718 | D:11     | Noticed Josephine
 11726 | D:11     | Killed Josephine
 11777 | Lair:1   | Entered Level 1 of the Lair of Beasts
 11989 | Lair:1   | Found a sacrificial altar of Ru.
 12673 | Lair:2   | Found a staircase to the Shoals.
 12835 | Lair:2   | Reached skill level 16 in Unarmed Combat
 12857 | Lair:2   | Reached skill level 15 in Armour
 13011 | Lair:2   | Reached *** piety under Trog
 13049 | Lair:2   | Found a staircase to the Snake Pit.
 13724 | Lair:2   | Noticed a seven-headed hydra
 13735 | Lair:2   | Killed a seven-headed hydra
 14066 | Lair:2   | Noticed a six-headed hydra
 14076 | Lair:2   | Killed a six-headed hydra
 14077 | Lair:2   | Reached skill level 1 in Throwing
 14138 | Lair:2   | Noticed a death yak
 14140 | Lair:2   | Noticed a death yak
 14144 | Lair:2   | Killed a death yak
 14145 | Lair:2   | Reached skill level 17 in Unarmed Combat
 14148 | Lair:2   | Killed a death yak
 14365 | Snake:1  | Entered Level 1 of the Snake Pit
 14365 | Snake:1  | You fall into a shaft and drop 1 floor!
 14365 | Snake:2  | Noticed a nagaraja
 14378 | Snake:2  | Killed a nagaraja
 14420 | Snake:2  | Noticed an anaconda
 14428 | Snake:2  | Killed an anaconda
 14429 | Snake:2  | Reached XP level 13. HP: 108/108 MP: 6/12
 14684 | Snake:2  | Noticed a nagaraja
 15603 | Snake:2  | Found Etoevev's Magic Scroll Shoppe.
 15639 | Snake:2  | Found a shimmering blue altar of Sif Muna.
 15643 | Snake:2  | Found a transporter.
 15649 | Snake:2  | Noticed a nagaraja
 15687 | Snake:2  | Reached skill level 18 in Unarmed Combat
 15688 | Snake:2  | Noticed a nagaraja
 16386 | Snake:1  | Reached skill level 5 in Dodging
 16594 | Snake:1  | Found Mobopes's Jewellery Boutique.
 16596 | Snake:1  | Found Pionwuig's General Store.
 16599 | Snake:1  | Found Unesch's Weapon Boutique.
 17009 | Snake:1  | Found a runed translucent door.
 17010 | Snake:1  | Found a shimmering altar of Xom.
 17010 | Snake:1  | Noticed Sambug2000's ghost (journeyman HOFi)
 17010 | Snake:1  | Identified the +4 dire flail of Yesterday {chaos, Str+4}
 17030 | Snake:1  | Killed Sambug2000's ghost
 17058 | Snake:1  | Reached skill level 19 in Unarmed Combat
 19093 | Snake:2  | Killed a nagaraja
 19762 | Snake:2  | Reached XP level 14. HP: 109/118 MP: 10/13
 19969 | Snake:1  | Bought a scroll of acquirement for 676 gold pieces
 19970 | Snake:1  | Acquired the +3 cloak of Guyprazu {rPois Int+4}
 20161 | Snake:3  | Noticed Bai Suzhen
 20172 | Snake:3  | Killed Bai Suzhen
 20385 | Snake:3  | Found a frozen archway.
 20412 | IceCv    | Entered an ice cave
 20486 | Snake:3  | Reached skill level 20 in Unarmed Combat
 20581 | Snake:3  | Identified the +9 battleaxe of Setifr Ixzuo {drain, rF+ rN+
                  | Will+}
 20664 | Snake:3  | Noticed Mara
 20667 | Snake:3  | Noticed a nagaraja
 20669 | Snake:3  | Noticed nimms's illusion
 20671 | Snake:3  | Mangled by Mara (illusionary)

Illustrated notes

Levels and vault maps discovered:
D:1:      dpeg_arrival_water_altar, layout_basic,
          dreamdust_ecumenical_altar_statues
D:2:      layout_basic
D:3:      layout_basic, mainiacjoe_overflow_alcove_1
D:4:      layout_basic, nicolae_ashenzari_panopticon,
          mainiacjoe_overflow_tiny_flanked
D:5:      layout_loops_cross, vehumet_crystals, uniq_edmund, uniq_grinder
D:6:      layout_rooms, uniq_menkaure
D:7:      layout_basic, mainiacjoe_overflow_concentric_impassable,
          minmay_temple_entry_large_hall, serial_shops,
          nicolae_inconvenience_store
D:8:      layout_rooms, trog_ov_bears_minmay, grunt_temple_overflow_open,
          nicolae_overflow_two_pavilions, nrook_campfire, uniq_prince_ribbit1
D:9:      layout_gridville, lemuel_blue_sif_altar, mainiacjoe_overflow_paths,
          orc_0_dummy, gammafunk_ghost_icy, serial_shops,
          nicolae_shop_overgrown_old_shop
D:10:     layout_stronghold, zin_angel, minmay_increasing_density
D:11:     layout_basic, lair_entry_dummy, uniq_urug, uniq_josephine
Lair:1:   layout_roguey, serial_bayou, serial_bayou_crossing,
          serial_bayou_lagoon_b, serial_bayou_shore_b, serial_bayou_lagoon_a,
          serial_bayou_pond_d, basic_altar
Lair:2:   layout_regular_city, elwin_shoals_entry_rocks,
          minmay_snake_entry_guardpost_medium, st_stairs_10,
          nicolae_quartered_pool_impasse, roderic_batcave,
          cheibrodos_lair_caveside_slide
Snake:1:  layout_gridlike, ebering_ghost_xom, minmay_shop_star,
          grunt_megastairs_5
Snake:2:  gammafunk_sealed_library, layout_honeycomb, serial_shops,
          nicolae_shop_window_shopping
Snake:3:  layout_cave_town, basic_altar, portal_ice_cave_entry_frozen_things,
          serial_bayou_shore_a, uniq_mara, uniq_bai_suzhen

Skill      XL: |  1  2  3  4  5  6  7  8  9 10 11 12 13 14 |
---------------+-------------------------------------------+-----
Unarmed Combat | 4 5 6 8 9 11 13 15 17 19 20 | 20.4
Fighting       | 4 5 6 7 8 9 |  9.6
Armour         | 3 4 6 8 10 12 14 15 17 | 17.6
Dodging        | 3 4 5 |  5.0
Stealth        | 1 2 |  2.5
Throwing       | 1 |  1.0

Action                   |  1- 3 |  4- 6 |  7- 9 | 10-12 | 13-15 || total
-------------------------+-------+-------+-------+-------+-------++-------
Melee: Unarmed           |    50 |   133 |   239 |   444 |   315 ||  1181
       Headbutt          |     4 |    17 |    42 |    96 |    95 ||   254
       Punch             |     2 |     6 |    15 |    54 |    40 ||   117
Throw: Javelin           |       |       |       |     6 |       ||     6
       Stone             |       |       |       |     1 |       ||     1
Invok: Berserk           |     2 |     3 |    12 |    24 |    16 ||    57
       Trog's Hand       |       |     1 |     8 |    17 |    11 ||    37
  Use: Scroll            |     2 |     4 |     8 |    11 |     8 ||    33
       Potion            |       |     2 |     1 |     1 |     2 ||     6
 Stab: Invisible         |       |       |       |     1 |       ||     1
Armor: Animal skin       |    10 |       |       |       |       ||    10
       Chain mail        |    12 |    78 |   143 |   146 |       ||   379
       Plate armour      |       |       |       |   161 |   207 ||   368
Dodge: Dodged            |    32 |    59 |   100 |   172 |   124 ||   487
